 Dungeon Crawl Stone Soup version 0.31-a0-986-g5e6e4ef867 (webtiles) character file.

Game seed: 7038411582501169895

301 Persephone the Chopper (level 6, -2/55 HPs)
             Began as a Gargoyle Fighter on Nov 6, 2023.
             Killed from afar by an orc wizard (6 damage)
             ... with a puff of flame
             ... on level 3 of the Dungeon.
             The game lasted 00:03:23 (2126 turns).

Persephone the Chopper (Gargoyle Fighter)           Turns: 2126, Time: 00:03:23

Health: -2/55      AC: 11    Str: 22    XL:     6   Next: 37%
Magic:  6/6        EV:  9    Int:  8    God:
Gold:   125        SH:  4    Dex:  9    Spells: 5/5 levels left

rFire   . . .        a - +0 war axe
rCold   . . .        c - +0 buckler
rNeg    + . .        b - +0 scale mail
rPois   ∞            (no helmet)
rElec   +            e - scarf {+Inv}
rCorr   .            (no gloves)
SInv    .            (no boots)
Will    .....        (no amulet) Stlth
                     (no ring)
HPRegen 0.29/turn    (no ring)
MPRegen 0.10/turn

%: no passive effects
@: berserking, invisible (expiring), very quick
A: sickness immunity, AC +4, negative energy resistance 1, electricity
resistance, torment resistance 1, petrification resistance
a: Evoke Invisibility


You were on level 3 of the Dungeon.
You visited 1 branch of the dungeon, and saw 3 of its levels.

You collected 125 gold pieces.

Inventory:

Hand Weapons
 a - a +0 war axe (weapon)
Missiles
 d - 11 boomerangs (quivered)
 l - 5 silver javelins
Armour
 b - a +0 scale mail (worn)
 c - a +0 buckler (worn)
 e - a scarf of invisibility (worn)
Jewellery
 g - an amulet of faith
 k - a +6 ring of intelligence
Scrolls
 f - a scroll of silence {unknown}
 h - a scroll of enchant weapon {unknown}
 i - a scroll of vulnerability {unknown}
Potions
 n - a potion of degeneration {unknown}
 o - a potion of mutation {unknown}


   Skills:
 - Level 3.2 Fighting
 + Level 6.0 Axes
 - Level 3.2 Armour
 - Level 3.2 Shields


You had 5 spell levels left.
You didn't know any spells.
Your spell library contained the following spells:

 Spells                   Type           Power      Damage    Failure   Level
 Static Discharge         Conj/Air       0%         3-3/arc   91%         2
 Airstrike                Air            0%         2d(0-16)  100%        4
 Summon Lightning Spire   Summ/Air       0%         N/A       100%        4


Dungeon Overview and Level Annotations

Branches:
Dungeon (3/15)

Altars:

Shops:
D:1 *

Annotations:
D:1 2 transporters


Innate Abilities, Weirdness & Mutations

You are immune to sickness and miasma.
Your stone body is resilient. (AC +4)
You are immune to poison.
You resist negative energy. (rN+)
You are resistant to electric shocks. (rElec)
You are resistant to unholy torment.
You are immune to petrification.


Message History

* * * LOW HITPOINT WARNING * * *
You barely miss the orc wizard. x2; You miss the orc priest.
The orc wizard points at you and mumbles some strange words.
The magic dart hits you.
* * * LOW HITPOINT WARNING * * *
The orc wizard points at you and mumbles some strange words.
The magic dart hits you but does no damage.
The orc priest barely misses you. The orc wizard casts a spell at you.
The puff of flame hits you but does no damage.
The orc priest hits you but does no damage.
The orc wizard closely misses you.
It was a potion of berserk rage.
A red film seems to cover your vision as you go berserk!
You feel yourself moving faster!
You feel mighty!
The orc wizard hits you but does no damage.
The orc wizard barely misses you.
The orc priest hits you but does no damage.
You miss the orc wizard. You barely miss the orc wizard.
You miss the orc priest.
You bump into the rock wall.
The orc wizard misses you.
The orc wizard hits you with a +0 dagger.
* * * LOW HITPOINT WARNING * * *
You closely miss the orc wizard. You hit the orc wizard.
You hit the orc priest.
You kill the orc priest!
The orc wizard barely misses you.
The orc wizard hits you but does no damage.
You closely miss the orc wizard. You miss the orc wizard.
The orc wizard barely misses you. The orc wizard closely misses you.
Items here: )) [ †.
You miss the orc wizard. You slash the orc wizard!
You kill the orc wizard!
The orc wizard hits you but does no damage.
Your Axes skill increases to level 6!
You closely miss the orc wizard.
You flicker for a moment.
You feel less confused. The orc wizard casts a spell at you.
The puff of flame hits you.
You die...

.......#.........##...
......................
.........#......###.(
...........###### #..
##[..#.#.### #..
#...'.....### ###
#...#####...######
##..)### ###.......
#.@....# #####...
#)o....# #..) #......#
#... #......# #...
#......# #... #......#
#... #......# #...
#......# #... ########
#...


You could see an orc wizard (unable to see you).

Vanquished Creatures
  Sigmund (D:3)
  An orc priest (D:3)
  Terence (D:2)
  An orc wizard (D:3)
  3 adders (D:2)
  A dart slug (D:3)
  2 orcs (D:3)
  3 ball pythons
  4 bats
  4 endoplasms
  5 goblins
  A hobgoblin (D:3)
  5 kobolds
  2 quokkas (D:2)
  2 frilled lizards
  4 rats
40 creatures vanquished.

Notes
Turn   | Place    | Note
-------+----------+-------------------------------------------
     0 | D:1      | Persephone the Gargoyle Fighter began the quest for the
                  | Orb.
     0 | D:1      | Reached XP level 1. HP: 14/14 MP: 1/1
   131 | D:1      | Reached skill level 2 in Axes
   210 | D:1      | Found a transporter.
   332 | D:1      | Reached XP level 2. HP: 19/19 MP: 2/2
   354 | D:1      | Found a transporter.
   356 | D:1      | Found Qydeuth's General Store.
  1004 | D:2      | Reached skill level 3 in Axes
  1004 | D:2      | Reached XP level 3. HP: 23/23 MP: 3/3
  1570 | D:2      | Noticed Terence
  1582 | D:2      | Killed Terence
  1583 | D:2      | Reached skill level 4 in Axes
  1583 | D:2      | Reached XP level 4. HP: 4/28 MP: 4/4
  1919 | D:3      | Noticed Sigmund
  1930 | D:3      | Killed Sigmund
  1931 | D:3      | Reached skill level 5 in Axes
  1931 | D:3      | Reached XP level 5. HP: 23/32 MP: 5/5
  1931 | D:3      | Reached XP level 6. HP: 26/37 MP: 6/6
  2126 | D:3      | Reached skill level 6 in Axes
  2126 | D:3      | Killed from afar by an orc wizard

Illustrated notes

Levels and vault maps discovered:
D:1:      roderic_octagonal_star, layout_loops_cross, serial_shops,
          nicolae_shop_drivethru, minivault_11
D:2:      layout_basic, mrwooster_statue_mirror, uniq_terence
D:3:      layout_basic, uniq_sigmund

Skill      XL: |  1  2  3  4  5  6 |
---------------+-------------------+-----
Axes           | 2 3 4 5 6 |  6.0
Fighting       | |  3.2
Armour         | |  3.2
Shields        | |  3.2

Action                     |  1- 3 |  4- 6 || total
---------------------------+-------+-------++-------
  Melee: War axe           |    86 |    41 ||   127
  Throw: Boomerang         |       |    19 ||    19
    Use: Potion            |     1 |     2 ||     3
 Armour: Scale mail        |    63 |    83 ||   146
  Dodge: Dodged            |    40 |    49 ||    89
  Block: Buckler           |    21 |     2 ||    23

Table legend: (Time is in decaauts)
 A = Elapsed time spent in this place.
 B = Non-inter-level travel time spent in this place.
 C = Inter-level travel time spent in this place.
 D = Time resting spent in this place.
 E = Time spent auto-exploring this place.
 F = Levels seen in this place.
 G = Mean time per level.
                   A        B        C        D        E       F      G
               +--------+--------+--------+--------+--------+-----+--------+
         Total |   2173 |   2034 |    139 |      0 |   1694 |   3 |  724.3 |
       Dungeon |   2173 |   2034 |    139 |      0 |   1694 |   3 |  724.3 |
               +--------+--------+--------+--------+--------+-----+--------+

Top non-repeatable levels by time:
     D:1: 994 daAuts
     D:2: 960 daAuts
     D:3: 218 daAuts
